Cogmind - Beta 12 --- EXPLORER MODE // 2024.01.25 @ 00:07:03 Player: Olexender Result: Destroyed by as-24643 with Assembled Rifle Performance ------------- Evolutions (3) 1500 Regions Visited (7) 1400 Robots Destroyed (36) 180 Value Destroyed (1247) 1247 Prototype IDs (33) 660 Alien Tech Used (0) 0 Bonus (807) 807 TOTAL SCORE: 5794 Bonus ------- Follower Combat Kills 7 Entered DSFs 500 Aligned with FarCom 300 Cogmind --------- Core Integrity 0/700 Matter 209/300 Energy 100/100 System Corruption 4% Temperature Cool (2) Movement Hovering (80) Location -7/DSF Parts ------- > --- POWER (2) -------- (None) > --- PROPULSION (5) --- Combat Airjet > --- UTILITY (5) ------ Modified TNC > --- WEAPON (2) ------- (None) > --- INVENTORY (5) ---- Combat Airjet Combat Airjet High-capacity Matter Pod (200) Peak State ------------ > --- POWER ------------ Light Deuterium Engine Light Nuclear Core > --- PROPULSION ------- Improved Hover Unit Improved Hover Unit Airjet Gravmag System Combat Airjet > --- UTILITY ---------- Improved Heat Sink Cooling System Modified TNC Advanced ECM Suite > --- WEAPON ----------- Scythe Scythe > --- INVENTORY -------- Combat Airjet Combat Airjet High-capacity Matter Pod Gauss Rifle Gauss Rifle [Rating: 44] Favorites ----------- Power Light Nuclear Core Engine Light Deuterium Engine Power Core Light Nuclear Core Propulsion Improved Hover Unit Leg Aluminum Leg Hover Unit Improved Hover Unit Flight Unit Flight Unit Utility Modified TNC Device Structural Scanner Storage Medium Storage Unit Processor Modified TNC Hackware Hacking Suite Protection Light Armor Plating Weapon Light Assault Rifle Energy Gun Beam Rifle Ballistic Gun Light Assault Rifle Slashing Weapon Scythe Build | -11 -10 -10 -10 -9 -8 -7 -7 ------- Run | Jun Mat Min Exi Min Mat Fac DSF Slots Evolved 7 | . 1 . . . 4 2 . Power 1 | . 1 . . . . . . Propulsion 3 | . . . . . 2 1 . Utility 3 | . . . . . 2 1 . Weapon . | . . . . . . . . Parts Attached 104 | 7 15 3 . 1 54 12 12 Power 24 | 1 3 2 . 1 15 1 1 Engine 11 | 1 2 2 . 1 4 1 . Core 13 | . 1 . . . 11 . 1 Reactor . | . . . . . . . . Propulsion 35 | 2 6 . . . 14 7 6 Treads . | . . . . . . . . Leg 7 | 2 . . . . 5 . . Wheel . | . . . . . . . . Hover 26 | . 4 . . . 9 7 6 Flight 2 | . 2 . . . . . . Utility 23 | 2 3 . . . 13 3 2 Device 13 | . 2 . . . 7 2 2 Storage 4 | . . . . . 3 1 . Processor 3 | 1 . . . . 2 . . Hackware 1 | . . . . . 1 . . Protection 2 | 1 1 . . . . . . Artifact . | . . . . . . . . Weapon 22 | 2 3 1 . . 12 1 3 Energy Gun 4 | 1 . . . . 3 . . Energy Cannon . | . . . . . . . . Ballistic Gun 9 | 1 1 1 . . 4 . 2 Ballistic Cannon . | . . . . . . . . Launcher . | . . . . . . . . Special Weapon . | . . . . . . . . Impact Weapon . | . . . . . . . . Slashing Weapon 9 | . 2 . . . 5 1 1 Piercing Weapon . | . . . . . . . . Special Melee Weapon . | . . . . . . . . Unidentified Prototypes 2 | . . . . . 2 . . Parts Lost 25 | . 2 . . . 9 . 14 Power 5 | . . . . . 2 . 3 Propulsion 11 | . 2 . . . 4 . 5 Utility 4 | . . . . . 1 . 3 Weapon 5 | . . . . . 2 . 3 Highest Loss Streak 10 | . 2 . . . 5 . 10 To Critical Strikes . | . . . . . . . . Average Slot Usage (%) 88 | . 89 96 100 100 90 74 58 Engine 5 | . 10 8 12 12 4 1 2 Core 10 | . 8 12 12 12 11 12 2 Leg 2 | . 7 . . . 2 . . Hover 23 | . 14 25 25 25 25 33 22 Device 15 | . 9 25 25 25 15 8 12 Storage 3 | . . . . . 6 . . Processor 7 | . 7 . . . 8 7 7 Energy Gun 4 | . 7 . . . 6 . . Ballistic Gun 7 | . 12 23 25 25 3 . 3 Slashing Weapon 3 | . 4 1 . . 3 9 7 Naked Turns . | . . . . . . . . Heaviest Build 34 | 12 17 12 12 16 34 16 20 Greatest Support 54 | 20 20 14 14 14 54 38 38 Greatest Overweight (x) 4 | 2 3 . . 1 4 . . Average Overweight (x) . | . . . . . . . . Largest Inventory Capacity 10 | 5 5 5 5 5 10 5 5 Average Capacity 7 | 5 5 5 5 5 8 5 5 Most Carried 10 | 5 5 5 5 5 10 5 5 Average Carried 5 | 3 4 4 4 5 6 4 4 Final Capacity 5 | 5 5 5 5 5 5 5 5 Final Carried 5 | 3 5 5 5 5 3 5 3 Class Distribution -------------------- 44% | Hacker-Mutant 36% | Hacker-Scout 10% | Hacker-Skirmisher 8% | Scavenger-Mutant Dominant Class ---------------- Hacker-Mutant | -10/Materials Hacker-Mutant | -10/Mines Hacker-Mutant | -10/Exiles Hacker-Mutant | -9/Mines Hacker-Scout | -8/Materials Hacker-Mutant | -7/Factory Hacker-Mutant | -7/DSF Resources | -11 -10 -10 -10 -9 -8 -7 -7 ----------- Run | Jun Mat Min Exi Min Mat Fac DSF Matter Collected 1695 | 219 287 118 . 20 653 177 221 Remotely . | . . . . . . . . Salvage Created 1575 | . 304 39 . . 846 29 357 Parts 87 | . 17 5 . . 51 2 12 Haulers Intercepted . | . . . . . . . . Recyclers Shooed 4 | . . . . . 4 . . Parts Field Recycled . | . . . . . . . . Retrieved Matter . | . . . . . . . . Parts Self-Destructed . | . . . . . . . . Prevented . | . . . . . . . . Kills | -11 -10 -10 -10 -9 -8 -7 -7 ------- Run | Jun Mat Min Exi Min Mat Fac DSF Combat Hostiles Destroyed 44 | . 6 3 . . 15 . 20 Melee 10 | . . . . . 5 . 5 Guns 33 | . 6 3 . . 9 . 15 Classes Destroyed 9 | . 3 . . . 3 . 3 Operator 2 | . . . . . 2 . . Watcher 5 | . 3 . . . 1 1 . Swarmer 5 | . 2 3 . . . . . Cutter 3 | . . . . . . . 3 Grunt 13 | . 4 . . . 9 . . Sentry 6 | . . . . . 5 . 1 Demolisher 1 | . . . . . . . 1 Hunter 1 | . . . . . 1 . . Assembled 15 | . . . . . . . 15 Best Kill Streak 15 | . 4 2 . . 3 1 15 Combat Bots Only 15 | . 3 2 . . 3 . 15 Max Kills in Single Turn 1 | . 1 1 . . 1 1 1 Gunslinging . | . . . . . . . . Exploded . | . . . . . . . . Melee 1 | . . . . . 1 . 1 Uniques/NPCs Destroyed . | . . . . . . . . Combat | -11 -10 -10 -10 -9 -8 -7 -7 -------- Run | Jun Mat Min Exi Min Mat Fac DSF Damage Taken 2997 | . 342 10 . . 946 . 1699 Core 892 | . 79 5 . . 104 . 704 Absorbed by Shields . | . . . . . . . . Regen/Repaired (Parts) 141 | . 19 . . . 122 . . Core Remaining (%) 82 | 100 . . . 66 81 . . Volleys Fired 149 | . 34 9 . . 73 . 33 Largest 2 | . 2 2 . . 2 . 1 Hottest 76 | . 70 40 . . 76 . 28 Shots Fired 244 | . 54 12 . . 145 . 33 Gun 244 | . 54 12 . . 145 . 33 Cannon . | . . . . . . . . Launcher . | . . . . . . . . Special . | . . . . . . . . Kinetic 151 | . 34 12 . . 72 . 33 Thermal 93 | . 20 . . . 73 . . Explosive . | . . . . . . . . Electromagnetic . | . . . . . . . . Robot Hit Streak 35 | . 32 35 . . 19 . 12 Robot Miss Streak 2 | . 1 2 . . 2 . 1 Penetration Max 1 | . . . . . . . 1 Secondary Targets 3 | . . . . . 3 . . Max Gunslinging Chain 1 | . . . . . 1 . . Shots Hit Robots 243 | . 49 8 . . 142 1 43 Core Hits 101 | . 16 4 . . 53 1 27 Critical Kills 1 | . . . . . 1 . . Critical Parts Destroyed . | . . . . . . . . Critical Strikes 12 | . 3 . . . 8 . 1 Burn 7 | . 3 . . . 4 . . Destroy 1 | . . . . . 1 . . Sever 4 | . . . . . 3 . 1 Melee Attacks 54 | . . . . . 31 1 22 Impact . | . . . . . . . . Slashing 54 | . . . . . 31 1 22 Piercing . | . . . . . . . . Sneak Attacks 2 | . . . . . 1 1 . Combat Hostiles . | . . . . . . . . Follow-up Attacks 2 | . . . . . . . 2 Damage Inflicted 3784 | . 563 66 . . 1985 60 1110 Guns 2635 | . 563 66 . . 1401 . 605 Cannons . | . . . . . . . . Explosions . | . . . . . . . . Melee 1149 | . . . . . 584 60 505 Ramming . | . . . . . . . . Kinetic 1503 | . 338 66 . . 494 . 605 Thermal 1132 | . 225 . . . 907 . . Explosive . | . . . . . . . . Electromagnetic . | . . . . . . . . Impact . | . . . . . . . . Slashing 1149 | . . . . . 584 60 505 Piercing . | . . . . . . . . Highest Corruption 4 | . . . . . 1 . 4 Average Corruption 1 | . . . . . 1 . 3 Corruption Purged 1 | . . . . . 1 . . Corruption Blocked . | . . . . . . . . Effects 17 | . . . . . 14 . 3 Message Errors 2 | . . . . . 2 . . Matter Fused 7 | . . . . . 6 . 1 Heat Flow Errors 1 | . . . . . 1 . . Energy Discharges 1 | . . . . . 1 . . Data Loss (minor) 2 | . . . . . 1 . 1 Data Loss (major) 2 | . . . . . 2 . . Misfires 1 | . . . . . 1 . . Alerts 1 | . . . . . . . 1 Overload Shots . | . . . . . . . . Overflow Damage 59 | . . . . . 57 . 2 Projectiles . | . . . . . . . . Explosions . | . . . . . . . . Melee 59 | . . . . . 57 . 2 Knockbacks . | . . . . . . . . Impact . | . . . . . . . . Kinetic . | . . . . . . . . Secondary . | . . . . . . . . Self-Inflicted Damage . | . . . . . . . . Shots . | . . . . . . . . Rammed . | . . . . . . . . Targets Rammed . | . . . . . . . . Kicked . | . . . . . . . . Crushed . | . . . . . . . . Highest Temperature 413 | . 413 . . . 150 . . Average Temperature 118 | . 196 . . . 28 . . Received Heat Transfer 1300 | . 276 . . . 648 . 376 Effects 4 | . 4 . . . . . . Shutdowns 1 | . 1 . . . . . . Energy Bleed 1 | . 1 . . . . . . Short Circuit 1 | . 1 . . . . . . Damage (minor) 1 | . 1 . . . . . . Siege Activations . | . . . . . . . . Robots Corrupted . | . . . . . . . . Combat Hostiles . | . . . . . . . . Parts Fried . | . . . . . . . . Impact Corruptions . | . . . . . . . . Robots Melted 1 | . . . . . 1 . . Combat Hostiles 1 | . . . . . 1 . . Parts Melted 4 | . 2 . . . 2 . . Heat Transferred 3515 | . 888 . . . 2627 . . Parts Sabotaged . | . . . . . . . . Parts Stolen . | . . . . . . . . Parts Stripped . | . . . . . . . . Power Chain Reactions . | . . . . . . . . Missiles Intercepted . | . . . . . . . . Alert | -11 -10 -10 -10 -9 -8 -7 -7 ------- Run | Jun Mat Min Exi Min Mat Fac DSF Peak Influence 193 | . 193 113 . . 171 52 95 Initial 14 | . . 9 . . . 14 . Average 50 | . 63 92 . . 46 27 41 Maximum Alert Level . | . . . . . . . . Low Security (%) 100 | 100 100 100 . 100 100 100 100 Level 1 . | . . . . . . . . Level 2 . | . . . . . . . . Level 3 . | . . . . . . . . Level 4 . | . . . . . . . . Level 5 . | . . . . . . . . High Security . | . . . . . . . . Max Security . | . . . . . . . . Squads Dispatched 9 | . . . . . 6 1 2 Investigation 5 | . . . . . 4 1 . Extermination . | . . . . . . . . Reinforcement 4 | . . . . . 2 . 2 Assault . | . . . . . . . . Garrison . | . . . . . . . . Intercept . | . . . . . . . . Searches Triggered . | . . . . . . . . Construction Impeded . | . . . . . . . . Haulers Reinforced . | . . . . . . . . Active Scanning Responses . | . . . . . . . . Cargo Convoy Interrupts . | . . . . . . . . Stealth | -11 -10 -10 -10 -9 -8 -7 -7 --------- Run | Jun Mat Min Exi Min Mat Fac DSF Distress Signals 3 | . 1 . . . 2 . . Communications Jammed . | . . . . . . . . Distress Signals . | . . . . . . . . Times Spotted 92 | . 9 4 . . 35 . 44 Peak Tracking Total 17 | . 6 2 . . 5 . 17 Tactical Retreats 6 | . . . . . 3 . 3 Traps | -11 -10 -10 -10 -9 -8 -7 -7 ------- Run | Jun Mat Min Exi Min Mat Fac DSF Traps Triggered 7 | . 2 . . . 3 . 2 Indirectly . | . . . . . . . . Trap Hack Attempts . | . . . . . . . . Triggered . | . . . . . . . . Disarmed 4 | . . . . . 4 . . Reprogrammed . | . . . . . . . . Reused . | . . . . . . . . Traps Extracted . | . . . . . . . . Installed . | . . . . . . . . Triggered . | . . . . . . . . Machines | -11 -10 -10 -10 -9 -8 -7 -7 ---------- Run | Jun Mat Min Exi Min Mat Fac DSF Machines Disabled 3 | . . 1 . . . . 2 Max in Single Turn 1 | . . . . . . . 1 Machines Repaired . | . . . . . . . . Machines Sabotaged . | . . . . . . . . Overloaded Fab Kills . | . . . . . . . . Hacking | -11 -10 -10 -10 -9 -8 -7 -7 --------- Run | Jun Mat Min Exi Min Mat Fac DSF Machines Accessed 30 | . 11 . 2 . 13 4 . Terminals 18 | . 8 . . . 8 2 . Fabricators . | . . . . . . . . Repair Stations 4 | . 1 . . . 2 1 . Recycling Units 3 | . 2 . . . 1 . . Scanalyzers 3 | . . . . . 2 1 . Garrison Access . | . . . . . . . . Total Hacks 98 | . 33 . 10 . 43 12 . Successful 79 | . 29 . 10 . 33 7 . Failed 19 | . 4 . . . 10 5 . Catastrophic . | . . . . . . . . Database Lockouts . | . . . . . . . . Manual 1 | . . . 1 . . . . Terminals 60 | . 28 . . . 28 4 . Fabricators . | . . . . . . . . Repair Stations 10 | . 3 . . . 5 2 . Recycling Units 4 | . 2 . . . 2 . . Scanalyzers 14 | . . . . . 8 6 . Garrison Access . | . . . . . . . . Terminal Hacks 56 | . 25 . 10 . 19 2 . Record 28 | . 8 . 9 . 11 . . Prototype ID Bank 4 | . 2 . . . 2 . . Open DSF 1 | . . . . . . 1 . Emergency Access Points 4 | . 4 . . . . . . Recycling Unit Index 1 | . 1 . . . . . . Alert Level 1 | . 1 . . . . . . Unreport Threat 1 | . . . . . . 1 . Locate Traps 2 | . 1 . . . 1 . . Disarm Traps 1 | . . . . . 1 . . Dispatch Records 4 | . 3 . . . 1 . . Maintenance Status 1 | . . . . . 1 . . Security Status 1 | . 1 . . . . . . Transport Status 1 | . 1 . . . . . . Hauler Manifests 1 | . 1 . . . . . . Registered Components 1 | . 1 . . . . . . Registered Prototypes 1 | . . . . . 1 . . Zone Layout 2 | . 1 . . . 1 . . EX-Prototype ID Bank 1 | . . . 1 . . . . Fabricator Hacks . | . . . . . . . . Repair Station Hacks 6 | . 2 . . . 4 . . Scan Component 3 | . 1 . . . 2 . . Repair 3 | . 1 . . . 2 . . Recycling Unit Hacks 4 | . 2 . . . 2 . . Report Inventory 3 | . 2 . . . 1 . . Retrieve Components 1 | . . . . . 1 . . Scanalyzer 13 | . . . . . 8 5 . Insert Component 7 | . . . . . 4 3 . Analyze 6 | . . . . . 4 2 . Garrison Access Hacks . | . . . . . . . . Unauthorized Hacks . | . . . . . . . . Terminals . | . . . . . . . . Fabricators . | . . . . . . . . Repair Stations . | . . . . . . . . Recycling Units . | . . . . . . . . Scanalyzers . | . . . . . . . . Garrison Access . | . . . . . . . . Data Cores Recovered . | . . . . . . . . Used . | . . . . . . . . Hacking Detections 17 | . 3 . . . 11 3 . Full Trace Events 5 | . . . . . 4 1 . Feedback Events 1 | . . . . . 1 . . Corruption 1 | . . . . . 1 . . Feedback Blocked . | . . . . . . . . Robot Schematics Acquired . | . . . . . . . . Robots Built . | . . . . . . . . Authchips . | . . . . . . . . Time . | . . . . . . . . Total Robot Build Rating . | . . . . . . . . Part Schematics Acquired 6 | . . . . . 4 2 . Parts Built . | . . . . . . . . Authchips . | . . . . . . . . Time . | . . . . . . . . Total Part Build Rating . | . . . . . . . . Parts Repaired 3 | . 1 . . . 2 . . Time 96 | . 38 . . . 58 . . Parts Recycled . | . . . . . . . . Recycled Matter . | . . . . . . . . Retrieved Matter . | . . . . . . . . Retrieved Components 10 | . . . . . 10 . . Parts Scanalyzed 6 | . . . . . 4 2 . Part Schematics Acquired 6 | . . . . . 4 2 . Parts Damaged . | . . . . . . . . Bothacking | -11 -10 -10 -10 -9 -8 -7 -7 ------------ Run | Jun Mat Min Exi Min Mat Fac DSF Used RIF Installer . | . . . . . . . . Robots Hacked . | . . . . . . . . Non-combat . | . . . . . . . . Combat . | . . . . . . . . Robot Hacks Applied . | . . . . . . . . Relay Couplers Released . | . . . . . . . . Fabnet Peak Effective % . | . . . . . . . . Robots Rewired . | . . . . . . . . Allies Hacked . | . . . . . . . . Hacks Repelled . | . . . . . . . . Allies | -11 -10 -10 -10 -9 -8 -7 -7 -------- Run | Jun Mat Min Exi Min Mat Fac DSF Total Allies 1 | . . 1 . . . . . Largest Group 1 | . . 1 1 . . . . Highest-Rated Group 31 | . . 31 31 . . . . Highest-Rated Ally 31 | . . 31 31 . . . . Total Orders . | . . . . . . . . Ally Attacks 9 | . . 9 . . . . . Total Damage 62 | . . 62 . . . . . Kills 1 | . . 1 . . . . . Allies Corrupted . | . . . . . . . . Allies Melted . | . . . . . . . . Intel | -11 -10 -10 -10 -9 -8 -7 -7 ------- Run | Jun Mat Min Exi Min Mat Fac DSF Robot Analysis Total . | . . . . . . . . Derelict Logs Recovered 1 | . . . . 1 . . . Drone Launches . | . . . . . . . . Drone Recoveries . | . . . . . . . . Exploration | -11 -10 -10 -10 -9 -8 -7 -7 ------------- Run | Jun Mat Min Exi Min Mat Fac DSF Turns Passed 4053 | 57 623 332 131 107 2424 127 252 Spaces Moved 3067 | 41 685 494 229 80 1189 163 186 Core 20 | 17 3 . . . . . . Treads . | . . . . . . . . Legs 259 | 24 92 . . . 143 . . Wheels . | . . . . . . . . Hover 2707 | . 509 494 229 80 1046 163 186 Flight 81 | . 81 . . . . . . Fastest Speed 37 | 50 37 56 56 56 48 44 44 Average Speed 65 | 100 63 56 56 113 71 45 59 Slowest Speed 300 | 150 200 56 56 116 300 48 80 Overloaded Moves . | . . . . . . . . Propulsion Burnouts . | . . . . . . . . Robots Hopped . | . . . . . . . . Cave-ins Triggered . | . . . . . . . . Exploration Rate (%) 54 | 4 99 98 62 14 75 5 78 Regions Visited 7 Branch Regions 3 Pre-discovered Areas 1 | . . . . 1 . . . Known Exits Taken 7 | 1 1 1 1 1 1 1 . Unknown Exits Taken . | . . . . . . . . Scrap Searched . | . . . . . . . . Spaces Dug 14 | . . . . . 14 . . Terrain Destroyed 14 | . . . . . 14 . . Melee 14 | . . . . . 14 . . Projectile . | . . . . . . . . AOE . | . . . . . . . . Terrain Rammed . | . . . . . . . . Walls Destroyed . | . . . . . . . . Machines Disabled . | . . . . . . . . Actions | -11 -10 -10 -10 -9 -8 -7 -7 --------- Run | Jun Mat Min Exi Min Mat Fac DSF Total 4812 | 55 823 540 232 97 2583 217 265 Wait 1315 | 1 59 30 . 16 1174 30 5 Move 3060 | 40 684 493 228 79 1188 162 186 Hop . | . . . . . . . . Pick Up 65 | 7 15 2 2 . 32 3 4 Fast Attach 27 | 3 6 1 . . 10 1 6 Attach 40 | 4 3 1 . . 22 6 4 Detach 10 | . 1 . . . 3 6 . Swap 37 | . 6 1 . 1 22 5 2 Drop 56 | . 15 3 2 1 28 3 4 Fire 149 | . 34 9 . . 73 . 33 Melee 50 | . . . . . 31 1 18 Ram . | . . . . . . . . Kick . | . . . . . . . . Crush . | . . . . . . . . Escape Stasis 3 | . . . . . . . 3 Rewire . | . . . . . . . . Trap . | . . . . . . . . Miscellaneous . | . . . . . . . . Route ------- -11/Junkyard -10/Materials (discovered 4 exits: *Mat x3 / *Min) -10/Mines (discovered 3 exits: *Mat x2 / *Exi) -10/Exiles (discovered 2 exits: *Min x2) -9/Mines -8/Materials -7/Factory -7/DSF (discovered 1 exit: *Fac) History --------- Turn | Location | Event 2 | -11/Junkyard | Met Revision 17 16 | -11/Junkyard | Identified exit to Materials 16 | -11/Junkyard | Discovered exit to Materials (range 16) 58 | -11/Junkyard | Entered Materials 58 | -10/Materials | Evolved 1 slot: Power x1 91 | -10/Materials | Identified exit to Materials 91 | -10/Materials | Discovered exit to Materials (range 13) 232 | -10/Materials | Repaired Lgt. Nuclear Core 309 | -10/Materials | Discovered exit to Materials (range 3) 311 | -10/Materials | Build established: Hacker-Mutant 595 | -10/Materials | Discovered exit to Materials (range 16) 645 | -10/Materials | Identified exit to Mines 645 | -10/Materials | Discovered exit to Mines (range 10) 681 | -10/Materials | Entered Mines 687 | -10/Mines | Received a Mining Laser from a helpful Derelict 749 | -10/Mines | Discovered exit to Materials (range 12) 858 | -10/Mines | Discovered exit to Materials (range 15) 899 | -10/Mines | Identified exit to Exiles 899 | -10/Mines | Discovered exit to Exiles (range 10) 981 | -10/Mines | Deemed a non-threat by the Exiles lab entrance 1013 | -10/Mines | Entered Exiles 1013 | -10/Exiles | Accompanied by 1 ally 1022 | -10/Exiles | Identified exit to Mines 1022 | -10/Exiles | Discovered exit to Mines (range 15) 1029 | -10/Exiles | Met 8R-AWN 1038 | -10/Exiles | Met EX-HEX 1057 | -10/Exiles | Met EX-BIN 1063 | -10/Exiles | Aligned with FarCom system 1064 | -10/Exiles | Given EX-Vault access code 1082 | -10/Exiles | Opened EX-Vault 1090 | -10/Exiles | Found Modified TNC 1104 | -10/Exiles | Warned to stay clear of 0b10 Research branches 1109 | -10/Exiles | Exiles lab attacked by MAIN.C 1139 | -10/Exiles | Discovered exit to Mines (range 10) 1144 | -10/Exiles | Left Exiles lab with Modified TNC 1144 | -10/Exiles | Entered Mines 1184 | -9/Mines | Identified exit to Materials 1184 | -9/Mines | Discovered exit to Materials (range 9) 1216 | -9/Mines | Learned location of Zion (-7) 1251 | -9/Mines | Entered Materials 1251 | -8/Materials | Evolved 4 slots: Propulsion x2, Utility x2 1548 | -8/Materials | Build established: Hacker-Scout 1743 | -8/Materials | Repaired Lgt. Assault Rifle 3111 | -8/Materials | Build established: Hacker-Skirmisher 3259 | -8/Materials | Lost 5 parts (1p1n1u2w) 3612 | -8/Materials | Repaired Cooling System 3656 | -8/Materials | Identified exit to Factory 3656 | -8/Materials | Discovered exit to Factory (range 16) 3675 | -8/Materials | Entered Factory 3675 | -7/Factory | Evolved 2 slots: Propulsion x1, Utility x1 3802 | -7/Factory | Identified exit to DSF 3802 | -7/Factory | Entered DSF 3812 | -7/DSF | Assembled infested the area 3826 | -7/DSF | Additional patrols routed to DSF 3939 | -7/DSF | Identified exit to Factory 3939 | -7/DSF | Discovered exit to Factory (range 14) 3942 | -7/DSF | Core integrity fell below 50% 3963 | -7/DSF | Core integrity fell below 20% 3984 | -7/DSF | Lost 10 parts (3p3n2u2w) 3988 | -7/DSF | Build established: Hacker-Mutant 4054 | -7/DSF | Destroyed by as-24643 with Assembled Rifle Last Messages --------------- 04009_ Acquired 10 matter. 04010_ Acquired 14 matter. 04012_ Slug penetrates as-04830. 04017_ as-04830 destroyed. 04019_ Slug penetrates as-23292. 04019_ as-23292 destroyed. 04023_ Slug penetrates as-38392. 04023_ as-38392 destroyed. 04026_ Cmb. Airjet destroyed. 04026_ Slug penetrates as-25537. 04028_ Slug penetrates as-00209. 04028_ as-00209 destroyed. 04030_ Slug penetrates as-05763. 04032_ as-05763 destroyed. 04037_ Slug penetrates as-25537. 04037_ as-25537 destroyed. 04049_ Slug penetrates as-52461. 04049_ Matter Repository disabled. 04050_ Gauss Rifle destroyed. 04053_ Adv. ECM Suite destroyed. Map ----- +----------------------------------------------------+ | ??????????????????????????????????? | | ??????????????????????????????????? | | ??????????????????????????????????? | | ???????###"#??????????????????????? | | ???????"""""??????????????????????? | | ??????#"""""??????????? ????????? | | ??????#"" ?????????? ???????? | | ??????""" ?????????? ???????? | | ???????"" ??????????# #???????? | | ????????# #????????### ##??????? | | ???????## ###???????!! !!??##### | | ???????#& #???????!! !??## # | | ???????#& #??##????! !??# | | ???????## ###???!#?### #### "! | | ???????# #???! ?#!! !!## | | ???????# #???# ?#!! !!## | | ???????# #???# ?#!! !!?# | | ??????### ####### ## # #?### # | | ??????# =##!!!# %###!!! =! | | ?????## =##!!!# ! #!!!"%% | | ?????#; % =%!"[ | | ?????## a ! % * | | ??????# % % % | | ??????# ##[[ # ##% !#== | | ??????# ##[[ ### ##!!!#== | | ??????### @#### ## ###### ## | | ???????#= ==## ]]#??##^# | | ???????#= ==##### #!! ]]#??? | | ???????#=aa==#?#]]###!! ]]#?????? | | ???????## ###?#]]!#### ###?????? | | ???????# ==#?###%=+ [[#?????? | | ???????# a ==#???#[## [[#?????? | | ???????## #######+## [[####### | | ??????### ### #===### ###///# | | ??????#"" ## #===###% ###///# | | ????""""" ! [%%% | | ????"##"" % %%%% / | | ??????#"""%"##==# #//!!! # # | | ??????#"""""#########//!!!% ####### | | ??????####"##???????#########?????? | | ?????????#"#??????????????????????? | | ?????????""???????????????????????? | | ??????????????????????????????????? | | ??????????????????????????????????? | | ??????????????????????????????????? | | ??????????????????????????????????? | | ??????????????????????????????????? | | | | | | | +----------------------------------------------------+ Best States ------------- Heat Dissipation 70 Energy Generation 27 Energy Capacity 480 Matter Stores 376 Matter Capacity 500 Sight Range 16 Terrain Scan Density 10 ECM Strength 2 Armor Coverage 150 Resistance: KI 35 Resistance: TH 35 Resistance: EX 35 Resistance: EM 35 Resistance: I 35 Resistance: S 35 Resistance: P 35 Evasion (%) 62 Targeting Accuracy 5 Offensive Hacking 30 Item Schematics ----------------- Imp. Deuterium Engine | -8/Materials | Scanalyzed Imp. Heat Sink | -8/Materials | Scanalyzed Adv. ECM Suite | -8/Materials | Scanalyzed Hacking Suite | -8/Materials | Scanalyzed System Restoration Module | -7/Factory | Scanalyzed Gravmag System | -7/Factory | Scanalyzed Robot Schematics ------------------ None Fabricated ------------ Nothing Alien Tech Used ----------------- None Achievements -------------- Watch This! Challenges ------------ None Game ------ Seed BattleContainmentNetwork Manual? 0 Play Time 01:13:07 Cumulative 200.8 hours Start 2024.01.24 @ 21:32:55 End 2024.01.25 @ 00:07:03 Sessions 1 Manual Loads 0 Difficulty Explorer Special Mode None Game No. 148 Rogue 0 Adventurer 102 Explorer 46 Win Type - Total 0 Types 0/0/0/0/0/0/0/0/0 Lore% 49 Gallery% 65 Achievement% 49 Wizard Run 0 Options --------- ASCII 0 Keyboard 0 Movement Mouse Keybinds 0 Fullscreen 0 Font 20/SmallcapsGlow Map View 76x50 Tactical HUD 1 Map Filters NONE Filters NONE Steam 1 RUN: 55ec68d3-d463-4997-96fd-1a77d61fe481